 Dungeon Crawl Stone Soup version 0.25-a0-294-gea9b1ad378 (webtiles) character file.

Game seed: 8445453182513566599, levelgen mode: deterministic

80 MoonlitKnight the Charmwright (level 4, -5/38 HPs)
             Began as a Gnoll Skald on Dec 17, 2019.
             Slain by Sigmund
             ... wielding a +1 scythe of protection
              (10 damage)
             ... on level 2 of the Dungeon.
             The game lasted 00:02:43 (1662 turns).

MoonlitKnight the Charmwright (Gnoll Skald)         Turns: 1662, Time: 00:02:43

Health: -5/38      AC:  6    Str: 14    XL:     4   Next: 39%
Magic:  6/11       EV: 13    Int: 16    God:
Gold:   39         SH:  0    Dex: 14    Spells: 2/13 levels left

rFire    . . .     SeeInvis .   a - +0 spear
rCold    . . .     Gourm    .   (no shield)
rNeg     . . .     Faith    .   o - +0 ring mail
rPois    .         Spirit   .   (no helmet)
rElec    .         Reflect  .   (no cloak)
rCorr    .         Harm     .   c - +0 pair of gloves
MR       .....                  (no boots)
Stlth    +.........             (no amulet)
HPRegen  0.12/turn              (no ring)
MPRegen  0.12/turn              (no ring)

@: no status effects
A: distributed training, fangs 1, strong nose
a: no special abilities


You were on level 2 of the Dungeon.
You were hungry.

You visited 1 branch of the dungeon, and saw 2 of its levels.

You collected 39 gold pieces.

Inventory:

Hand Weapons
 a - a +0 spear (weapon)
Missiles
 j - 10 poisoned darts (quivered)
Armour
 c - a +0 pair of gloves (worn)
 o - a +0 ring mail (worn)
Jewellery
 g - a cursed amulet of inaccuracy {unknown}
Scrolls
 h - a scroll of magic mapping {unknown}
 k - a scroll of identify {unknown}
 n - a scroll of noise {unknown}
Potions
 e - a potion of flight {unknown}
 f - a potion of heal wounds {unknown}
 i - a potion of cancellation {unknown}
 l - a potion of curing {unknown}
Comestibles
 d - 4 rations
 m - 2 chunks of flesh


   Skills:
 + Level 4.6 Fighting
 + Level 1.1 Short Blades
 + Level 1.1 Long Blades
 + Level 1.1 Axes
 + Level 1.1 Maces & Flails
 + Level 4.6 Polearms
 + Level 1.1 Staves
 + Level 1.1 Slings
 + Level 1.1 Bows
 + Level 1.1 Crossbows
 + Level 1.1 Throwing
 + Level 2.7 Armour
 + Level 4.6 Dodging
 + Level 1.1 Stealth
 + Level 1.1 Shields
 + Level 1.1 Unarmed Combat
 + Level 5.0 Spellcasting
 + Level 0.8 Conjurations
 + Level 0.8 Hexes
 + Level 5.4 Charms
 + Level 0.8 Summonings
 + Level 0.8 Necromancy
 + Level 0.8 Translocations
 + Level 0.8 Transmutations
 + Level 0.8 Fire Magic
 + Level 0.8 Ice Magic
 + Level 0.8 Air Magic
 + Level 0.8 Earth Magic
 + Level 0.8 Poison Magic
 + Level 1.2 Invocations
 + Level 1.1 Evocations


You had 2 spell levels left.
You knew the following spells:

 Your Spells              Type           Power        Failure   Level  Hunger
a - Infusion              Chrm           ###.         3%          1    None
b - Shroud of Golubria    Chrm/Tloc      ##....       12%         2    #......
c - Spectral Weapon       Hex/Chrm       ##......     24%         3    ###....
d - Regeneration          Chrm/Necr      ##........   24%         3    ###....
e - Song of Slaying       Chrm           ###.....     4%          2    #......

Your spell library contained the following spells:

 Spells                   Type           Power        Failure   Level  Hunger


Dungeon Overview and Level Annotations

Branches:
Dungeon (2/15)

Altars:

Annotations:
D:2 Sigmund


Innate Abilities, Weirdness & Mutations

Your experience applies equally to all skills.
You have very sharp teeth.
Your uncanny sense of smell can sniff out nearby items.


Message History

You barely miss something. Something hits you.
You barely miss something. You bite something.
You hear some strange, mumbled words.
A magic dart appears from out of thin air!
The magic dart hits you.
You closely miss something. You hit something.
Your skin is crawling a little less now.
Something hits you.
You miss something. Something hits you but does no damage.
You closely miss something. You miss something. Something hits you!
* * * LOW HITPOINT WARNING * * *
You hit something. You barely miss something. Something hits you.
* * * LOW HITPOINT WARNING * * *
You miss something.
Your skin stops crawling.
Something hits you!
You die...

..####### ........###
..!.......#
......)...###
............ ..........#
#.........# #.....{.(#
#.....@(### #.
#.........### ##.##
#............# ##....
..........##..#####....#
..........####..........
...........###........##
#........#..##..........
##......###(.#.........#
####### ##.>####.....#


You could see a friendly spectral +0 spear.

Vanquished Creatures
  2 adders (D:2)
  An ooze (D:1)
  3 dart slugs (D:1)
  5 leopard geckos
  A giant cockroach (D:1)
  3 goblins (D:1)
  7 hobgoblins
  2 jackals (D:1)
  6 kobolds
  8 bats
  3 frilled lizards (D:1)
  3 rats (D:1)
44 creatures vanquished.

Notes
Turn   | Place    | Note
-------+----------+-------------------------------------------
     0 | D:1      | MoonlitKnight the Gnoll Skald began the quest for the Orb.
     0 | D:1      | Reached XP level 1. HP: 20/20 MP: 6/6
    44 | D:1      | Reached XP level 2. HP: 26/26 MP: 7/7
   202 | D:1      | Learned a level 2 spell: Shroud of Golubria
   458 | D:1      | Reached XP level 3. HP: 21/31 MP: 9/9
   564 | D:1      | Learned a level 3 spell: Spectral Weapon
   568 | D:1      | Learned a level 3 spell: Regeneration
   571 | D:1      | Learned a level 2 spell: Song of Slaying
   585 | D:1      | Reached skill level 5 in Spellcasting
   718 | D:1      | Reached skill level 1 in Invocations
  1036 | D:2      | Reached skill level 1 in Short Blades
  1036 | D:2      | Reached skill level 1 in Long Blades
  1036 | D:2      | Reached skill level 1 in Axes
  1036 | D:2      | Reached skill level 1 in Maces & Flails
  1036 | D:2      | Reached skill level 1 in Staves
  1036 | D:2      | Reached skill level 1 in Slings
  1036 | D:2      | Reached skill level 1 in Bows
  1036 | D:2      | Reached skill level 1 in Crossbows
  1036 | D:2      | Reached skill level 1 in Throwing
  1036 | D:2      | Reached skill level 1 in Stealth
  1036 | D:2      | Reached skill level 1 in Shields
  1036 | D:2      | Reached skill level 1 in Unarmed Combat
  1036 | D:2      | Reached skill level 1 in Evocations
  1161 | D:2      | Reached XP level 4. HP: 37/38 MP: 11/11
  1635 | D:2      | Noticed Sigmund
  1662 | D:2      | Slain by Sigmund

Levels and vault maps discovered:
D:1:      lightli_arrival_statuegarden, layout_basic
D:2:      layout_rooms, lemuel_round_altar, nemelex_spade_bored_becter,
          uniq_sigmund

Skill      XL: |  1  2  3 |
---------------+----------+-----
Spellcasting   | 5 |  5.0
Invocations    | 1 |  1.2
Short Blades   | 1 |  1.1
Long Blades    | 1 |  1.1
Axes           | 1 |  1.1
Maces & Flails | 1 |  1.1
Staves         | 1 |  1.1
Slings         | 1 |  1.1
Bows           | 1 |  1.1
Crossbows      | 1 |  1.1
Throwing       | 1 |  1.1
Stealth        | 1 |  1.1
Shields        | 1 |  1.1
Unarmed Combat | 1 |  1.1
Evocations     | 1 |  1.1
Fighting       | |  4.6
Polearms       | |  4.6
Armour         | |  2.7
Dodging        | |  4.6
Conjurations   | |  0.8
Hexes          | |  0.8
Charms         | |  5.4
Summonings     | |  0.8
Necromancy     | |  0.8
Translocations | |  0.8
Transmutations | |  0.8
Fire Magic     | |  0.8
Ice Magic      | |  0.8
Air Magic      | |  0.8
Earth Magic    | |  0.8
Poison Magic   | |  0.8

Action                   |  1- 3 |  4- 6 || total
-------------------------+-------+-------++-------
Melee: Spear             |   132 |    42 ||   174
       Bite              |     8 |     4 ||    12
       Punch             |       |     1 ||     1
 Cast: Regeneration      |       |     1 ||     1
       Spectral Weapon   |       |     1 ||     1
 Stab: Sleeping          |     2 |     1 ||     3
       Distracted        |     1 |       ||     1
  Eat: Chunk             |     1 |     1 ||     2
Armor: Leather armour    |    12 |     2 ||    14
Dodge: Dodged            |    54 |    22 ||    76

Table legend:
 A = Non-vault XP
 B = Vault XP
 C = Vault XP percentage of total XP
 D = Non-vault monster count
 E = Vault monster count
 F = Vault count percentage of total count
                 A         B        C        D         E       F
            +---------+---------+-------+---------+---------+-------
      Total |     115 |       0 |   0.0 |      44 |       0 |   0.0
            +---------+---------+-------+---------+---------+-------
        D:1 |      74 |       0 |   0.0 |      35 |       0 |   0.0
        D:2 |      41 |       0 |   0.0 |       9 |       0 |   0.0
            +---------+---------+-------+---------+---------+-------
